 Dungeon Crawl Stone Soup version 0.21.1-1-g345015f (webtiles) character file.

856 letownia2 the Spear-Bearer (level 8, -2/56 HPs)
             Began as a Merfolk Skald on Mar 12, 2018.
             Was a Follower of Cheibriados.
             Slain by an ogre
             ... wielding a +0 giant club
              (16 damage)
             ... on level 8 of the Dungeon.
             The game lasted 00:23:06 (2473 turns).

letownia2 the Spear-Bearer (Merfolk Skald)          Turns: 2473, Time: 00:23:07

Health: -2/56      AC:  7    Str: 19    XL:     8   Next: 2%
Magic:  9/16       EV: 13    Int: 20    God:    Cheibriados [*.....]
Gold:   168        SH:  0    Dex: 16    Spells: 2/16 levels left

rFire    . . .     SeeInvis .   a - +0 spear
rCold    . . .     Gourm    .   (no shield)
rNeg     . . .     Faith    .   b - +0 leather armour
rPois    .         Spirit   .   (no helmet)
rElec    .         Reflect  .   (no cloak)
rCorr    .         Harm     .   h - +0 pair of gloves
MR       .....                  q - +0 pair of boots
Stlth    +.........             (no amulet)
HPRegen  0.18/turn              A - +2 ring of intelligence
MPRegen  0.15/turn              (no ring)

@: mighty, very slow
A: change form in water, swift swim, stealthy swim, iridescent scales 1, high mp
1
a: Bend Time, Renounce Religion


You were on level 8 of the Dungeon.
You worshipped Cheibriados.
Cheibriados was aware of your devotion.
You were not hungry.

You visited 2 branches of the dungeon, and saw 9 of its levels.

You collected 168 gold pieces.

Inventory:

Hand Weapons
 a - a +0 spear (weapon)
 j - a +0 halberd
Armour
 b - a +0 leather armour (worn)
 h - a +0 pair of gloves (worn)
 p - a +0 ring mail of poison resistance
 q - a +0 pair of boots (worn)
 w - a +0 scale mail
Jewellery
 A - a +2 ring of intelligence (left hand)
Wands
 o - a wand of digging (10)
Scrolls
 e - 2 scrolls of magic mapping {unknown}
 g - 3 scrolls of remove curse
 k - a scroll of enchant weapon {unknown}
 l - 3 scrolls of teleportation
 m - 3 scrolls of identify {unknown}
 y - a scroll of acquirement {unknown}
Potions
 f - a potion of curing
 s - a potion of resistance {unknown}
 t - a potion of invisibility {unknown}
 v - a potion of flight {unknown}
 x - a potion of berserk rage {unknown}
 z - a potion of lignification {unknown}
Books
 c - a book of Battle

   Spells                             Type                      Level
   a - Infusion                       Charms                       1
   b - Shroud of Golubria             Charms/Translocation         2
   c - Song of Slaying                Charms                       2
   d - Spectral Weapon                Hexes/Charms                 3
   e - Regeneration                   Charms/Necromancy            3
 i - a book of Minor Magic

   Spells                             Type                      Level
   a - Magic Dart                     Conjuration                  1
   b - Blink                          Translocation                2
   c - Call Imp                       Summoning                    2
   d - Slow                           Hexes                        2
   e - Conjure Flame                  Conjuration/Fire             3
   f - Mephitic Cloud                 Conjuration/Poison/Air       3
Comestibles
 d - 6 rations
 r - a chunk of flesh


   Skills:
 - Level 2.1 Fighting
 - Level 9.4 Polearms
 - Level 0.6 Armour
 - Level 2.6 Dodging
 + Level 4.8 Spellcasting
 - Level 1.2 Hexes
 - Level 4.0 Charms
 - Level 1.2 Summonings
 - Level 1.0 Translocations


You had 2 spell levels left.
You knew the following spells:

 Your Spells              Type           Power        Failure   Level  Hunger
a - Infusion              Chrm           ###.         2%          1    None
e - Mephitic Cloud        Conj/Pois/Air  #.......     38%         3    ##.....
g - Regeneration          Chrm/Necr      ##........   19%         3    ##.....
i - Call Imp              Summ           #.......     13%         2    #......
t - Shroud of Golubria    Chrm/Tloc      ###.......   8%          2    #......
x - Spectral Weapon       Hex/Chrm       ###.....     14%         3    ##.....


Dungeon Overview and Level Annotations

Branches:
Dungeon (8/15)             Temple (1/1) D:4
   Lair: D:8-11

Altars:
Ashenzari
Cheibriados
Dithmenos
Elyvilon
Fedhas
Gozag
Hepliaklqana
Kikubaaqudgha
Makhleb
Ru
Sif Muna
Trog
Uskayaw
Vehumet
Wu Jian
Xom
Zin
The Shining One

Shops:
D:8 [

Annotations:
D:8 Erica


Innate Abilities, Weirdness & Mutations

You revert to your normal form in water.
You are very nimble and swift while swimming.
You are very stealthy in the water. (Stealth+)
You are partially covered in iridescent scales. (AC +2)
You have an increased reservoir of magic. (+10% MP)


Message History

You are engulfed in a cloud of scalding steam.
* * * LOW HITPOINT WARNING * * *
The steam dragon bites you!
* * * LOW HITPOINT WARNING * * *
The steam dragon claws you but does no damage.
Unknown command.
You feel better.
You are engulfed in a cloud of scalding steam.
* * * LOW HITPOINT WARNING * * *
The steam dragon breathes steam at you. The ball of steam misses you.
Erica the Fiery-Tempered comes into view.
She is wielding a scimitar of flaming.
Erica shouts!
An ogre comes into view. It is wielding a giant club.
There is a stone staircase leading up here.
Unknown command.
Unknown command.
The steam dragon closely misses you. The steam dragon barely misses you.
The ogre hits you with a giant club!
You die...

.......
##.....###
........##
........#
.......###
######....8..∩.
..............#
#.D....#
#@#†#### #O#.#
..... ...#...
.........
....@......
##....#......
#....# ###


You could see Erica, a steam dragon and an ogre.

Vanquished Creatures
  2 ogres
  The ghost of letownia2 the Poker, an amateur MfSk of Cheibriados (D:5)
  A centaur (D:5)
  Blork the orc (D:5)
  A hound (D:4)
  An orc priest (D:5)
  A bullfrog skeleton (D:4)
  An orc wizard (D:7)
  An iguana (D:6)
  2 worker ants (D:4)
  4 gnolls (D:5)
  3 adders
  A shadow imp (D:6)
  2 worms (D:3)
  A dart slug (D:3)
  3 leopard geckos
  4 orcs (D:6)
  A ball python (D:4)
  3 giant cockroaches
  3 goblins (D:3)
  2 hobgoblins
  4 jackals (D:4)
  A bat (D:3)
  3 frilled lizards
  3 kobolds
  2 leopard gecko skeletons
  A rat (D:1)
53 creatures vanquished.

Vanquished Creatures (collateral kills)
  A centaur (D:5)
  A scorpion (D:4)
  A crimson imp (D:6)
  An orc priest (D:5)
  An orc wizard (D:5)
  An iguana (D:5)
  A gnoll (D:5)
  An orc (D:5)
8 creatures vanquished.

Vanquished Creatures (others)
  2 spectral weapons (D:5)
2 creatures vanquished.

Grand Total: 63 creatures vanquished

Notes
Turn   | Place    | Note
-------+----------+-------------------------------------------
     0 | D:1      | letownia2 the Merfolk Skald began the quest for the Orb.
     0 | D:1      | Reached XP level 1. HP: 16/16 MP: 3/3
   224 | D:1      | Reached skill level 4 in Polearms
   224 | D:1      | Reached XP level 2. HP: 19/22 MP: 0/5
   249 | D:1      | Learned a level 2 spell: Shroud of Golubria
   474 | D:3      | Reached skill level 1 in Translocations
   599 | D:3      | Reached XP level 3. HP: 11/27 MP: 3/6
   738 | D:3      | Reached skill level 5 in Polearms
   807 | D:3      | Learned a level 3 spell: Spectral Weapon
   930 | D:4      | Reached XP level 4. HP: 30/33 MP: 3/7
   972 | D:4      | Reached skill level 6 in Polearms
   972 | D:4      | Reached skill level 1 in Hexes
  1066 | D:4      | Found a staircase to the Ecumenical Temple.
  1074 | Temple   | Entered the Ecumenical Temple
  1225 | D:5      | Entered Level 5 of the Dungeon
  1232 | D:5      | Noticed a centaur
  1290 | D:4      | Reached XP level 5. HP: 12/38 MP: 0/8
  1584 | D:4      | Found a snail-covered altar of Cheibriados.
  1584 | D:4      | Found a white marble altar of Elyvilon.
  1588 | D:4      | Became a worshipper of Cheibriados the Contemplative
  1649 | D:5      | Learned a level 2 spell: Call Imp
  1652 | D:5      | Noticed an ogre
  1665 | D:5      | Killed an ogre
  1665 | D:5      | Reached skill level 7 in Polearms
  1665 | D:5      | Reached XP level 6. HP: 32/44 MP: 2/9
  1870 | D:5      | Reached skill level 8 in Polearms
  1884 | D:5      | Noticed letownia2's ghost (amateur MfSk)
  1885 | D:5      | Gained mutation: You evolve. [potion of mutation]
  1885 | D:5      | Gained mutation: You are surrounded by a mild repulsion field. (EV +2) [potion of mutation]
  1885 | D:5      | Gained mutation: You possess an exceptional clarity of mind. [potion of mutation]
  1903 | D:5      | Killed letownia2's ghost
  1903 | D:5      | Reached XP level 7. HP: 32/50 MP: 1/11
  1966 | D:5      | Learned a level 3 spell: Mephitic Cloud
  2032 | D:5      | Reached skill level 9 in Polearms
  2032 | D:5      | Reached skill level 1 in Summonings
  2094 | D:5      | Reached * piety under Cheibriados
  2314 | D:5      | Noticed Blork the orc
  2328 | D:5      | Killed Blork the orc
  2335 | D:5      | Learned a level 3 spell: Regeneration
  2422 | D:6      | Lost mutation: You possess an exceptional clarity of mind. [potion of mutation]
  2422 | D:6      | Lost mutation: You evolve. [potion of mutation]
  2422 | D:6      | Lost mutation: You are surrounded by a mild repulsion field. (EV +2) [potion of mutation]
  2422 | D:6      | Gained mutation: You are partially covered in iridescent scales. (AC +2) [potion of mutation]
  2422 | D:6      | Gained mutation: You have an increased reservoir of magic. (+10% MP) [potion of mutation]
  2446 | D:7      | Reached XP level 8. HP: 37/56 MP: 4/16
  2466 | D:8      | Found Ecacycos's Armour Shoppe.
  2471 | D:8      | Noticed Erica
  2473 | D:8      | Slain by an ogre

Skill      XL: |  1  2  3  4  5  6  7 |
---------------+----------------------+-----
Polearms       | 4 5 6 7 8 9 |  9.4
Translocations | 1 |  1.0
Hexes          | 1 |  1.2
Charms         | 4 |  4.0
Summonings     | 1 |  1.2
Spellcasting   | 4 |  4.8
Fighting       | |  2.1
Armour         | |  0.6
Dodging        | |  2.6

Action                   |  1- 3 |  4- 6 |  7- 9 || total
-------------------------+-------+-------+-------++-------
Melee: Spear             |    88 |   149 |   116 ||   353
 Cast: Infusion          |     4 |       |       ||     4
       Shroud of Golubri |     8 |     9 |     6 ||    23
       Call Imp          |       |     6 |     5 ||    11
       Spectral Weapon   |       |     2 |     5 ||     7
       Mephitic Cloud    |       |       |     1 ||     1
       Regeneration      |       |       |     1 ||     1
  Use: Scroll            |     1 |       |     1 ||     2
       Potion            |       |     4 |     4 ||     8
 Stab: Sleeping          |     1 |       |       ||     1
       Distracted        |       |       |     2 ||     2
       Confused          |       |       |     1 ||     1
  Eat: Chunk             |       |     6 |     4 ||    10
Armor: Leather armour    |    10 |    35 |    10 ||    55
Dodge: Dodged            |    42 |    71 |    44 ||   157
